 Dungeon Crawl Stone Soup version 0.29.1-2-gbd0b4ee654 (webtiles) character file.

Game seed: 15320513333271531847

266 BreadTh the Trooper (level 6, 0/68 HPs)
             Began as an Ogre Cinder Acolyte on Nov 21, 2022.
             Was an Elder of Ignis.
             Slain by an orc priest
             ... wielding a +0 short sword
              (3 damage)
             ... on level 3 of the Dungeon.
             The game lasted 00:08:30 (3238 turns).

BreadTh the Trooper (Ogre Cinder Acolyte)           Turns: 3238, Time: 00:08:34

Health: 0/68       AC: 10    Str: 19    XL:     6   Next: 20%
Magic:  10/10      EV:  9    Int: 15    God:    Ignis [****..]
Gold:   194        SH:  0    Dex:  6    Spells: 9/11 levels left

rFire   + . .      SeeInvis .   a - -1 mace (flame)
rCold   . . .      Faith    .   (no shield)
rNeg    . . .      Spirit   .   b - +0 robe
rPois   .          Reflect  .   (helmet restricted)
rElec   .          Harm     .   (no cloak)
rCorr   .          Rampage  .   (gloves unavailable)
Will    .....                   (boots unavailable)
Stlth   +.........              (no amulet)
HPRegen 0.21/turn               (no ring)
MPRegen 0.12/turn               (no ring)

@: fiery-armoured
A: large, unfitting armour, tough skin 1
a: Renounce Religion, Fiery Armour, Foxfire Swarm, Rising Flame


You were on level 3 of the Dungeon.
You worshipped Ignis.
Ignis was greatly pleased with you.
You visited 1 branch of the dungeon, and saw 3 of its levels.

You collected 194 gold pieces.

Inventory:

Hand Weapons
 a - a -1 mace of flaming (weapon)
Missiles
 k - 2 datura-tipped darts (quivered)
Armour
 b - a +0 robe (worn)
Wands
 g - a wand of light (5)
Scrolls
 c - 5 scrolls of identify {unknown}
 e - a scroll of silence {unknown}
 i - a scroll of acquirement {unknown}
 j - 2 scrolls of teleportation {unknown}
 m - a scroll of enchant weapon {unknown}
Potions
 d - a potion of mutation {unknown}
 f - a potion of lignification {unknown}
 h - a potion of might {unknown}
 l - a potion of cancellation {unknown}


   Skills:
 * Level 6.9 Fighting
 + Level 3.7 Maces & Flails
 + Level 3.2 Spellcasting
 - Level 3.0 Fire Magic


You had 9 spell levels left.
You knew the following spells:

 Your Spells              Type           Power      Damage    Failure   Level
a - Scorch                Fire           22%        2d6       9%          2

Your spell library contained the following spells:

 Spells                   Type           Power      Damage    Failure   Level
 Necrotise                Necr           8%         1d4       21%         1
 Blink                    Tloc           4%         N/A       30%         2
 Dazzling Flash           Conj/Hex       4%         N/A       52%         3
 Mephitic Cloud           Conj/Pois/Air  2%         N/A       52%         3
 Vampiric Draining        Necr           2%         2d6       52%         3
 Agony                    Necr           2%         N/A       99%         5
 Manifold Assault         Tloc           2%         N/A       99%         5
 Storm Form               Tmut/Air       1%         N/A       100%        7


Dungeon Overview and Level Annotations

Branches:
Dungeon (3/15)

Altars:
Makhleb
Trog

Annotations:
D:1 minivault
D:3 from below


Innate Abilities, Weirdness & Mutations

You are too large for most types of armour.
You have tough skin. (AC +1)


Message History

You hit the orc priest but do no damage.
The orc priest is lightly wounded.
The orc priest hits you with a +0 short sword.
You hit the orc priest but do no damage.
The orc priest is lightly wounded.
The orc priest hits you with a +0 short sword.
You barely miss the orc priest.
The orc priest is lightly wounded.
The orc priest hits you with a +0 short sword.
You barely miss the orc priest.
The orc priest is lightly wounded.
The orc priest barely misses you.
The orc priest mumbles some strange prayers to Beogh against you.
Beogh smites you!
You barely miss the orc priest.
The orc priest is lightly wounded.
The orc priest hits you with a +0 short sword.
* * * LOW HITPOINT WARNING * * *
You hit the orc priest. You burn the orc priest.
The orc priest is moderately wounded.
The orc priest hits you with a +0 short sword.
* * * LOW HITPOINT WARNING * * *
A protective cloak of flame settles atop you.
The orc priest looks satisfied for a moment.
You hit the orc priest. You burn the orc priest.
The orc priest is severely wounded.
The orc priest mumbles some strange prayers to Beogh against you.
Pain shoots through your body!
* * * LOW HITPOINT WARNING * * *
You barely miss the orc priest.
The orc priest is severely wounded.
The orc priest hits you with a +0 short sword.
* * * LOW HITPOINT WARNING * * *
You closely miss the orc priest.
The orc priest is severely wounded.
The orc priest invokes the aid of Beogh against you.
Pain shoots through your body!
* * * LOW HITPOINT WARNING * * *
The orc priest hits you with a +0 short sword.
You die...

#..#.##. #.##..#.
#.###.## ### #.# #.#
#.. #.# #.# #.# #.#
#.# #o# #.###.## #o#
#.#..... ##@#
#####....... #.)##
#.......#.##
#...####.#####.....
#._..##..........##
#....#............#
#....#...(..#####.##.#
##.#...##.#.#####.##.#
####.###.#.##.......#
#. #.#.##.......#


You could see an orc priest and an orc.

Vanquished Creatures
  Sigmund (D:3)
  An orc wizard (D:3)
  An adder (D:3)
  2 worms (D:2)
  2 dart slugs (D:2)
  7 orcs (D:3)
  6 endoplasms
  2 giant cockroaches (D:1)
  3 goblins
  3 hobgoblins
  8 jackals (D:1)
  6 ball pythons
  3 bats
  2 frilled lizards
  4 kobolds
  6 rats
57 creatures vanquished.

Vanquished Creatures (others)
  12 foxfires (D:3)
12 creatures vanquished.

Grand Total: 69 creatures vanquished

Notes
Turn   | Place    | Note
-------+----------+-------------------------------------------
     0 | D:1      | BreadTh the Ogre Cinder Acolyte began the quest for the
                  | Orb.
     0 | D:1      | Reached XP level 1. HP: 24/24 MP: 2/2
   401 | D:1      | Reached XP level 2. HP: 33/33 MP: 3/3
   412 | D:1      | Learned a level 2 spell: Scorch
   516 | D:1      | Found a faded altar of an unknown god.
   906 | D:1      | Reached XP level 3. HP: 20/40 MP: 5/5
  1709 | D:2      | Reached skill level 5 in Fighting
  2109 | D:2      | Got the Parchment of Charming Fog
  2449 | D:3      | Reached XP level 4. HP: 43/50 MP: 5/7
  2621 | D:3      | Found a burning altar of Makhleb.
  2938 | D:3      | Noticed Sigmund
  2956 | D:3      | Killed Sigmund
  2957 | D:3      | Reached skill level 6 in Fighting
  2957 | D:3      | Reached XP level 5. HP: 47/61 MP: 7/9
  2957 | D:3      | Reached XP level 6. HP: 53/68 MP: 7/10
  3206 | D:3      | Found a bloodstained altar of Trog.
  3238 | D:3      | HP: 3/68 [orc priest/nerve-wracking pain (11)]
  3238 | D:3      | Slain by an orc priest

Illustrated notes

Levels and vault maps discovered:
D:1:      erik_arrival_cave_to_civilisation [erik_arrival_cave_to_hall],
          layout_basic, shapermc_ecumenical_altar_venn, hex_tiny,
          due_unseen_surprise
D:2:      layout_basic
D:3:      layout_loops_ring, nicolae_overflow_hidden_temple, bloody_trog,
          minmay_misc_feat_cross, uniq_sigmund

Skill      XL: |  1  2  3  4 |
---------------+-------------+-----
Fire Magic     | 3 |  3.0
Fighting       | 5 6 |  6.9
Maces & Flails | 3 |  3.7
Spellcasting   | 2 3 |  3.2

Action                   |  1- 3 |  4- 6 || total
-------------------------+-------+-------++-------
Melee: Mace              |   124 |    63 ||   187
       Punch             |     1 |       ||     1
Invok: Fiery Armour      |       |     2 ||     2
       Foxfire Swarm     |       |     1 ||     1
Armor: Robe              |    36 |    11 ||    47
Dodge: Dodged            |    55 |    24 ||    79
